 Dungeon Crawl Stone Soup version 0.31-a0-277-g31ea1f65cc (webtiles) character file.

Game seed: 11150791831816234500

0 Sabo the Sneak (level 1, 0/18 HPs)
             Began as a Demonspawn Delver on July 15, 2023.
             Was an Initiate of Nemelex Xobeh.
             Slain by a gnoll
             ... wielding a +0 flail
             ... led by a gnoll bouda
              (7 damage)
             ... on level 5 of the Dungeon.
             The game lasted 00:02:59 (236 turns).

Sabo the Sneak (Demonspawn Delver)                   Turns: 236, Time: 00:03:00

Health: 0/18       AC:  3    Str: 12    XL:     1   Next: 0%
Magic:  1/1        EV: 11    Int: 11    God:    Nemelex Xobeh [......]
Gold:   0          SH:  0    Dex: 14    Spells: 0/0 levels left

rFire   . . .        a - +0 hand axe
rCold   . . .        (no shield)
rNeg    . . .        b - +0 leather armour
rPois   .            (no helmet)
rElec   .            (no cloak)
rCorr   .            (no gloves)
SInv    .            (no boots)
Will    .....        (no amulet)
Stlth   ++           (no ring)
HPRegen 0.23/turn    (no ring)
MPRegen 0.07/turn

%: no passive effects
@: no status effects
A: no striking features
a: Renounce Religion, Draw Escape, Draw Destruction, Draw Summoning


You were on level 5 of the Dungeon.
You worshipped Nemelex Xobeh.
Nemelex Xobeh was noncommittal.
You visited 2 branches of the dungeon, and saw 2 of its levels.

Inventory:

Hand Weapons
 a - a +0 hand axe (weapon)
Armour
 b - a +0 leather armour (worn)
Wands
 g - a wand of digging (3)
Scrolls
 d - a scroll of revelation
Potions
 f - a potion of haste


   Skills:
 + Level 3.0 Fighting
 + Level 1.7 Axes
 + Level 1.7 Dodging
 + Level 4.5 Stealth


You couldn't memorise any spells.
You didn't know any spells.
Your spell library was empty.

Dungeon Overview and Level Annotations

Branches:
Dungeon (5/15)             Temple (1/1) D:5

Altars:
Ashenzari
Cheibriados
Dithmenos
Hepliaklqana
Makhleb
Nemelex Xobeh
Okawaru
Qazlal
Ru
Trog
Uskayaw
Vehumet
Wu Jian
Xom
Yredelemnul


Message History

You kneel at the altar of Nemelex Xobeh.
Nemelex Xobeh welcomes you!
You can now draw from decks of power.
Why would you want to do that? Why would you want to do that?
Why would you want to do that? Why would you want to do that?
Why would you want to do that? Why would you want to do that?
Why would you want to do that? Why would you want to do that?
Why would you want to do that? Why would you want to do that?
Why would you want to do that? Why would you want to do that?
Why would you want to do that? Why would you want to do that?
Why would you want to do that? Why would you want to do that?
Why would you want to do that? Why would you want to do that?
Why would you want to do that?
There is a staircase back to the Dungeon here.
You can't go down here!
You climb upwards.
There is a staircase to the Ecumenical Temple here.
As you read the scroll of fear, it crumbles to dust.
You assume a fearsome visage.
The gnoll looks frightened! x2
As you read the scroll of fog, it dissolves into smoke.
The gnoll attacks as you move away! The gnoll hits you with a +0 flail!
The gnoll attacks as you move away! The gnoll hits you with a +0 flail.
An orc wizard comes into view. It is wielding a +0 dagger.
The orc shouts! x2; You hear a shout!
Found a book of Conjurations.
The orc wizard shouts!
You slash the orc!
You kill the orc!
You barely miss the gnoll. The gnoll hits you with a +0 flail!
You die...
Your body disappears without a glow.

#.......#g.# .#..
#......#..# #g.
#......#.#g###.#
#.....#.#g#...# #
#.....#.#.#.>.# .#
#...>.#.#.#...# #.#
#......#.#.###.#.#
#......#..#...#..#
####.#..#..###@)#o.
#....§##§gg##o...#
####.§§§###§o.....:
###### ....###.
.##.# .. .. .. ..
... . ...


You could see 2 gnolls and an orc.

Vanquished Creatures
  An orc (D:5)
1 creature vanquished.

Notes
Turn   | Place    | Note
-------+----------+-------------------------------------------
     0 | D:5      | Sabo the Demonspawn Delver began the quest for the Orb.
     0 | D:5      | Reached XP level 1. HP: 18/18 MP: 1/1
     7 | D:5      | Noticed a gnoll bouda
    12 | D:5      | Found a staircase to the Ecumenical Temple.
    31 | Temple   | Entered the Ecumenical Temple
   140 | Temple   | Became a worshipper of Nemelex Xobeh the Trickster
   234 | D:5      | Noticed an orc wizard
   236 | D:5      | Slain by a gnoll

Illustrated notes

Levels and vault maps discovered:
D:5:      layout_rooms, minmay_temple_entry_steel_oval, minivault_14,
          minmay_misc_feat_ornament
Temple:   minmay_temple_bridge_d

Action                     || total
---------------------------++-------
  Melee: Hand axe          ||     1
    Use: Scroll            ||     2

Table legend: (Time is in decaauts)
 A = Elapsed time spent in this place.
 B = Non-inter-level travel time spent in this place.
 C = Inter-level travel time spent in this place.
 D = Time resting spent in this place.
 E = Time spent auto-exploring this place.
 F = Levels seen in this place.
 G = Mean time per level.
                   A        B        C        D        E       F      G
               +--------+--------+--------+--------+--------+-----+--------+
         Total |    236 |    236 |      0 |      0 |      0 |   2 |  118.0 |
       Dungeon |     47 |     47 |      0 |      0 |      0 |   1 |   47.0 |
        Temple |    188 |    188 |      0 |      0 |      0 |   1 |  188.0 |
               +--------+--------+--------+--------+--------+-----+--------+

Top non-repeatable levels by time:
  Temple: 188 daAuts
     D:5: 47 daAuts
